Tucson Roadrunners vs Havana Tropicals
Created - Monday, April 15, 2024 at 08:00
Goals
|
| Tucson Roadrunners |
1 |
4 |
2 |
7 |
| Havana Tropicals |
1 |
0 |
4 |
5 |
|
Shots
|
| Tucson Roadrunners |
5 |
20 |
10 |
35 |
| Havana Tropicals |
17 |
8 |
13 |
38 |
|
1st period
1. Havana Tropicals , Samuel Blais 26 (Pierre-edouard Bellemare 36, Philipp Kurashev 32) at 3:02
2. Tucson Roadrunners , William Carrier 28 (Matt Nieto 28, Samuel Knazko 9) at 8:02
Penalties :
Zach Whitecloud (HAV) for Interference (Minor) at 0:08, Mark Jankowski (TRR) for Hooking (Minor) at 14:50
2nd period
3. Tucson Roadrunners , Marian Studenic 11 (Fabian Lysell 7, Scott Reedy 6) at 8:39
4. Tucson Roadrunners , Logan Shaw 21 (Johnathan Kovacevic 23) at 9:12
5. Tucson Roadrunners , Alex Belzile 6 (Nick Seeler 18) at 12:56
6. Tucson Roadrunners , Fabian Lysell 9 (Marian Studenic 13, Robert Hagg 21) at 14:51
Penalties :
Pierre-edouard Bellemare (HAV) for Fighting (Major) at 19:34, Marian Studenic (TRR) for Fighting (Major) at 19:34, Marian Studenic (TRR) for instigated a fight (Minor) at 19:34, Marian Studenic (TRR) for instigated a fight (10 Minutes Misconduct) at 19:34
3rd period
7. Havana Tropicals , Emil Bemstrom 28 (Matt Irwin 12, Teddy Blueger 15) at 1:09 (PP)
8. Tucson Roadrunners , Nicolas Petan 30 (Logan Shaw 16, Alex Belzile 13) at 2:45 (PP)
9. Havana Tropicals , Emil Bemstrom 29 (Philipp Kurashev 33) at 3:15 (PP)
10. Tucson Roadrunners , Mark Jankowski 20 (William Carrier 35, Matt Nieto 29) at 5:43
11. Havana Tropicals , Samuel Blais 27 (Pierre-edouard Bellemare 37) at 15:24 (PP)
12. Havana Tropicals , Chris Tierney 6 (Philipp Kurashev 34, Nolan Foote 5) at 19:57
Penalties :
Nolan Foote (HAV) for Tripping (Minor) at 2:35, Carson Soucy (TRR) for Tripping (Minor) at 3:02, Nick Seeler (TRR) for Hooking (Minor) at 15:18
Goalie Stats
Elvis Merzlikins (TRR), 33 saves from 38 shots - (0.868), W, 23-12-1, 60:00 minutes
Unknown Goalie (HAV), 28 saves from 35 shots - (0.800), L, 0-1-0, 60:00 minutes
Players Stats for Tucson Roadrunners
Player Name G A P +/- PIM S H SB GA TA FO MP PP MP PK MP
------------------------------------------------------------------------------------
Alex Belzile 1 1 2 2 0 1 1 0 0 0 8/13 17:13 1:07 1:41
Anthony Richard 0 0 0 0 0 2 1 0 0 0 0/1 12:21 0:00 0:00
Benjamin Jones 0 0 0 0 0 2 2 0 0 0 2/3 12:24 0:00 0:00
Carson Soucy 0 0 0 2 2 1 0 1 0 0 0/0 23:00 1:11 1:51
Fabian Lysell 1 1 2 1 0 4 0 1 0 1 0/0 11:35 0:00 0:00
Johnathan Kovacevic 0 1 1 2 0 0 0 1 0 1 0/0 23:14 1:11 2:04
Logan Shaw 1 1 2 2 0 1 2 0 0 0 0/1 15:32 1:07 0:00
Marian Studenic 1 1 2 1 17 3 1 0 0 0 0/1 8:49 0:00 0:00
Mark Jankowski 1 0 1 1 2 3 0 0 0 0 15/24 18:00 1:02 0:41
Matt Nieto 0 2 2 1 0 6 0 0 0 0 0/1 20:34 1:02 2:12
Nick Seeler 0 1 1 2 2 0 0 3 0 2 0/0 22:38 0:58 1:49
Nicolas Petan 1 0 1 2 0 3 1 0 1 0 0/0 16:07 1:07 0:17
Robert Hagg 0 1 1 2 0 3 0 4 0 0 0/0 22:39 0:58 1:49
Ronan Seeley 0 0 0 0 0 0 0 3 0 1 0/0 14:07 0:00 0:00
Samuel Knazko 0 1 1 0 0 1 0 1 0 0 0/0 14:20 0:00 0:13
Scott Reedy 0 1 1 1 0 1 1 1 1 2 4/4 11:31 0:00 0:00
Walker Duehr 0 0 0 0 0 1 0 0 0 1 0/1 13:24 0:00 1:02
William Carrier 1 1 2 1 0 3 2 0 2 0 2/9 18:35 1:02 1:53
Players Stats for Havana Tropicals
Player Name G A P +/- PIM S H SB GA TA FO MP PP MP PK MP
------------------------------------------------------------------------------------
Alexander Nylander 0 0 0 -2 0 3 1 0 0 0 0/0 14:23 0:00 0:00
Chris Tierney 1 0 1 -1 0 2 0 0 0 0 0/3 8:25 0:00 0:00
Darren Raddysh 0 0 0 0 0 0 0 0 0 0 0/0 15:58 0:00 0:00
Dennis Cholowski 0 0 0 1 0 1 2 0 0 0 0/0 18:11 0:00 1:18
Elmer Soderblom 0 0 0 -2 0 1 2 0 0 0 0/0 14:23 0:00 0:00
Emil Bemstrom 2 0 2 -1 0 6 0 0 2 0 1/3 17:39 1:57 1:00
Kevin Gravel 0 0 0 0 0 0 1 0 0 1 0/0 19:13 2:06 0:41
Matt Irwin 0 1 1 0 0 1 1 4 0 0 0/0 19:13 2:06 0:41
Nick Abruzzese 0 0 0 0 0 0 1 0 0 0 2/3 3:02 0:42 0:00
Nolan Foote 0 1 1 -1 2 1 3 0 0 0 0/1 8:24 0:00 0:00
Pavel Dorofeyev 0 0 0 -2 0 3 0 0 1 0 1/5 14:23 0:00 0:00
Philipp Kurashev 0 3 3 -2 0 4 5 0 2 0 11/24 25:05 1:57 1:09
Pierre-edouard Bellemare 0 2 2 0 5 3 4 1 0 0 11/17 17:29 1:14 1:00
Samuel Blais 2 0 2 0 0 4 1 0 2 1 0/0 18:24 1:56 0:00
Teddy Blueger 0 1 1 -1 0 2 1 0 0 0 1/1 17:43 1:57 1:09
Timothy Liljegren 0 0 0 -4 0 2 3 3 0 1 0/0 24:49 1:47 1:28
Zach Aston-Reese 0 0 0 0 0 4 1 0 1 0 0/1 18:24 1:56 0:00
Zach Whitecloud 0 0 0 -5 2 1 2 0 0 1 0/0 22:40 1:47 0:10
3 Stars
1 - Logan Shaw (TRR)
2 - Alex Belzile (TRR)
3 - William Carrier (TRR)
Power Play
Tucson Roadrunners - 1 on 2 Attempt(s) - 50.00%
Havana Tropicals - 3 on 4 Attempt(s) - 75.00%
Penalty Kill
Tucson Roadrunners - 1 on 4 Attempt(s) - 25.00%
- Score 0 goal in Penalty Kill
Havana Tropicals - 1 on 2 Attempt(s) - 50.00%
- Score 0 goal in Penalty Kill
Team Stat
Tucson Roadrunners - Hits : 11 - Faceoff Wins : 31 - Blocked Shots : 15 - Penalty Minutes : 23
Havana Tropicals - Hits : 28 - Faceoff Wins : 27 - Blocked Shots : 8 - Penalty Minutes : 9
Official
Referees : Kelly Sutherland and Frederick L'Ecuyer
Linesman : Ryan Gibbons and John Grandt
Game Notes
6:57 of 2nd period - Tucson Roadrunners goal is going for a video replay. After video review, No Goal. The attacking player has interfered with a goalkeeper in his goal crease.
Pierre-edouard Bellemare beats up Marian Studenic at 19:34 of 2nd period
Tucson Roadrunners
5 vs 5 Forward
Center Left Wing Right Wing Time % Phy DF OF
1 Mark Jankowski William Carrier Matt Nieto 35 1 1 3
2 Alex Belzile Nicolas Petan Logan Shaw 30 1 2 2
3 Benjamin Jones Anthony Richard Walker Duehr 25 1 2 2
4 Scott Reedy Marian Studenic Fabian Lysell 10 1 2 2
5 vs 5 Defense
Defense Defense Time % Phy DF OF
1 Carson Soucy Johnathan Kovacevic 35 1 2 2
2 Robert Hagg Nick Seeler 35 1 2 2
3 Ronan Seeley Samuel Knazko 25 1 2 2
4 Carson Soucy Johnathan Kovacevic 5 1 2 2
PowerPlay Forward
Center Left Wing Right Wing Time % Phy DF OF
1 Mark Jankowski William Carrier Matt Nieto 50 1 1 3
2 Alex Belzile Nicolas Petan Logan Shaw 50 1 1 3
PowerPlay Defense
Defense Defense Time % Phy DF OF
1 Carson Soucy Johnathan Kovacevic 50 1 1 3
2 Robert Hagg Nick Seeler 50 1 1 3
Penalty Kill 4 Players Forward
Center Wing Time % Phy DF OF
1 William Carrier Matt Nieto 50 1 3 1
2 Mark Jankowski Alex Belzile 50 1 3 1
Penalty Kill 4 Players Defense
Defense Defense Time % Phy DF OF
1 Carson Soucy Johnathan Kovacevic 50 1 3 1
2 Robert Hagg Nick Seeler 50 1 3 1
Penalty Kill - 3 Players Forward
Forward Time % Phy DF OF
1 William Carrier 50 1 3 1
2 Matt Nieto 50 1 3 1
Penalty Kill - 3 Players Defense
Defense Defense Time % Phy DF OF
1 Carson Soucy Johnathan Kovacevic 50 1 3 1
2 Robert Hagg Nick Seeler 50 1 3 1
4 vs 4 Forward
Center Wing Time % Phy DF OF
1 William Carrier Matt Nieto 50 1 1 3
2 Mark Jankowski Alex Belzile 50 1 1 3
4 vs 4 Defense
Defense Defense Time % Phy DF OF
1 Carson Soucy Johnathan Kovacevic 50 1 1 3
2 Robert Hagg Nick Seeler 50 1 1 3
Last Minutes Offensive
Center Left Wing Right Wing Defense Defense
Mark Jankowski William Carrier Matt Nieto Carson Soucy Johnathan Kovacevic
Last Minutes Defensive
Center Left Wing Right Wing Defense Defense
Mark Jankowski William Carrier Matt Nieto Carson Soucy Johnathan Kovacevic
Goaltenders
Starting : Elvis Merzlikins
Backup : Jaroslav Halak
Extra Forwards
Normal : Anthony Richard, Benjamin Jones, Walker Duehr - PP : Anthony Richard, Benjamin Jones - PK : Walker Duehr
Extra Defensemen
Normal : Ronan Seeley, Samuel Knazko, Robert Hagg - PP : Ronan Seeley - PK : Samuel Knazko, Robert Hagg
Penalty Shots
William Carrier, Matt Nieto, Mark Jankowski, Alex Belzile, Logan Shaw
Havana Tropicals
5 vs 5 Forward
Center Left Wing Right Wing Time % Phy DF OF
1 Philipp Kurashev Teddy Blueger Emil Bemstrom 30 1 2 2
2 Pierre-edouard Bellemare Samuel Blais Zach Aston-Reese 30 1 2 2
3 Pavel Dorofeyev Elmer Soderblom Alexander Nylander 25 1 2 2
4 Chris Tierney Nolan Foote Philipp Kurashev 15 1 2 2
5 vs 5 Defense
Defense Defense Time % Phy DF OF
1 Timothy Liljegren Zach Whitecloud 30 1 2 2
2 Matt Irwin Kevin Gravel 30 1 2 2
3 Darren Raddysh Dennis Cholowski 25 1 2 2
4 Timothy Liljegren Zach Whitecloud 15 1 2 2
PowerPlay Forward
Center Left Wing Right Wing Time % Phy DF OF
1 Philipp Kurashev Teddy Blueger Emil Bemstrom 50 1 2 2
2 Pierre-edouard Bellemare Samuel Blais Zach Aston-Reese 50 1 2 2
PowerPlay Defense
Defense Defense Time % Phy DF OF
1 Timothy Liljegren Zach Whitecloud 50 1 2 2
2 Matt Irwin Kevin Gravel 50 1 2 2
Penalty Kill 4 Players Forward
Center Wing Time % Phy DF OF
1 Philipp Kurashev Teddy Blueger 50 1 2 2
2 Pierre-edouard Bellemare Emil Bemstrom 50 1 2 2
Penalty Kill 4 Players Defense
Defense Defense Time % Phy DF OF
1 Timothy Liljegren Zach Whitecloud 50 1 2 2
2 Matt Irwin Kevin Gravel 50 1 2 2
Penalty Kill - 3 Players Forward
Forward Time % Phy DF OF
1 Philipp Kurashev 50 1 2 2
2 Teddy Blueger 50 1 2 2
Penalty Kill - 3 Players Defense
Defense Defense Time % Phy DF OF
1 Timothy Liljegren Zach Whitecloud 50 1 2 2
2 Matt Irwin Kevin Gravel 50 1 2 2
4 vs 4 Forward
Center Wing Time % Phy DF OF
1 Philipp Kurashev Teddy Blueger 50 1 2 2
2 Pierre-edouard Bellemare Emil Bemstrom 50 1 2 2
4 vs 4 Defense
Defense Defense Time % Phy DF OF
1 Timothy Liljegren Zach Whitecloud 50 1 2 2
2 Matt Irwin Kevin Gravel 50 1 2 2
Last Minutes Offensive
Center Left Wing Right Wing Defense Defense
Philipp Kurashev Teddy Blueger Emil Bemstrom Timothy Liljegren Zach Whitecloud
Last Minutes Defensive
Center Left Wing Right Wing Defense Defense
Philipp Kurashev Teddy Blueger Emil Bemstrom Timothy Liljegren Zach Whitecloud
Goaltenders
Starting : Unknown Goalie
Backup : Unknown Goalie
Extra Forwards
Normal : Nick Abruzzese, Pavel Dorofeyev, Chris Tierney - PP : Nick Abruzzese, Pavel Dorofeyev - PK : Chris Tierney
Extra Defensemen
Normal : Darren Raddysh, Dennis Cholowski, Matt Irwin - PP : Darren Raddysh - PK : Dennis Cholowski, Matt Irwin
Penalty Shots
Philipp Kurashev, Teddy Blueger, Pierre-edouard Bellemare, Emil Bemstrom, Samuel Blais
% Time on Ice - Tucson Roadrunners
Lines # - Real PCT - Wanted PCT - Time Play
Normal Forward
1 - 29% - 35% - 15:40
2 - 27% - 30% - 14:29
3 - 23% - 25% - 12:18
4 - 21% - 10% - 11:31
Normal Defense
1 - 33% - 35% - 17:56
2 - 37% - 35% - 19:52
3 - 26% - 25% - 14:07
4 - 4% - 5% - 2:03
PP Forward
1 - 48% - 50% - 1:02
2 - 52% - 50% - 1:07
PP Defense
1 - 55% - 50% - 1:11
2 - 45% - 50% - 0:58
PK Forward
1 - 48% - 50% - 1:53
2 - 52% - 50% - 2:00
PK Defense
1 - 53% - 50% - 2:04
2 - 47% - 50% - 1:49
PK3 Forward
1 - 0% - 50%
2 - 0% - 50%
PK3 Defense
1 - 0% - 50%
2 - 0% - 50%
44 Forward
1 - 0% - 50%
2 - 0% - 50%
44 Defense
1 - 0% - 50%
2 - 0% - 50%
Last Minute Offensive - 0:00
Last Minute Defensive - 0:00
Total
Forward - 60:00
Defense - 60:00
|
% Time on Ice - Havana Tropicals
Lines # - Real PCT - Wanted PCT - Time Play
Normal Forward
1 - 27% - 30% - 14:37
2 - 31% - 30% - 16:33
3 - 27% - 25% - 14:23
4 - 16% - 15% - 8:25
Normal Defense
1 - 28% - 30% - 14:51
2 - 30% - 30% - 16:26
3 - 30% - 25% - 15:58
4 - 12% - 15% - 6:43
PP Forward
1 - 50% - 50% - 1:57
2 - 50% - 50% - 1:56
PP Defense
1 - 46% - 50% - 1:47
2 - 54% - 50% - 2:06
PK Forward
1 - 53% - 50% - 1:09
2 - 47% - 50% - 1:00
PK Defense
1 - 68% - 50% - 1:28
2 - 32% - 50% - 0:41
PK3 Forward
1 - 0% - 50%
2 - 0% - 50%
PK3 Defense
1 - 0% - 50%
2 - 0% - 50%
44 Forward
1 - 0% - 50%
2 - 0% - 50%
44 Defense
1 - 0% - 50%
2 - 0% - 50%
Last Minute Offensive - 0:00
Last Minute Defensive - 0:00
Total
Forward - 60:00
Defense - 60:00
|
Play-by-Play
1st period
0:01 of 1st period - Mark Jankowski wins face-off versus Philipp Kurashev in neutral zone.
0:03 of 1st period - Off-side.
0:04 of 1st period - Mark Jankowski wins face-off versus Philipp Kurashev in neutral zone.
0:08 of 1st period - Minor Penalty to Zach Whitecloud for Interference.
0:09 of 1st period - Mark Jankowski wins face-off versus Philipp Kurashev in Havana Tropicals zone.
0:34 of 1st period - Johnathan Kovacevic is hit by Timothy Liljegren and loses puck.
1:04 of 1st period - Off-side.
1:05 of 1st period - Alex Belzile wins face-off versus Philipp Kurashev in neutral zone.
2:05 of 1st period - Pierre-edouard Bellemare is hit by Alex Belzile.
2:08 of 1st period - Penalty to Zach Whitecloud is over, Zach Whitecloud is back on ice.
2:12 of 1st period - Icing by Pierre-edouard Bellemare.
2:13 of 1st period - Pierre-edouard Bellemare wins face-off versus Benjamin Jones in Havana Tropicals zone.
3:02 of 1st period - Wrist shot by Samuel Blais.
3:02 of 1st period - Goal by Samuel Blais - Tucson Roadrunners : 0 - Havana Tropicals : 1.
3:03 of 1st period - Philipp Kurashev wins face-off versus Alex Belzile in neutral zone.
3:50 of 1st period - Nick Seeler is hit by Elmer Soderblom and loses puck.
3:59 of 1st period - Snap shot by Pavel Dorofeyev.
3:59 of 1st period - Shot Misses the Net.
4:33 of 1st period - Scott Reedy is hit by Pierre-edouard Bellemare and loses puck.
4:46 of 1st period - Snap shot by Fabian Lysell.
4:46 of 1st period - Shot Blocked by Pierre-edouard Bellemare.
5:12 of 1st period - Snap shot by Pierre-edouard Bellemare.
5:12 of 1st period - Deflect By Zach Aston-Reese.
5:12 of 1st period - Shot Blocked by Scott Reedy.
5:12 of 1st period - Puck is out of play.
5:13 of 1st period - Alex Belzile wins face-off versus Philipp Kurashev in Tucson Roadrunners zone.
5:18 of 1st period - Teddy Blueger is hit by Logan Shaw and loses puck.
6:06 of 1st period - Anthony Richard is hit by Nolan Foote and loses puck.
6:11 of 1st period - Wrist shot by Philipp Kurashev.
6:11 of 1st period - Stopped by Elvis Merzlikins with a rebound.
7:03 of 1st period - Robert Hagg is hit by Philipp Kurashev and loses puck.
7:18 of 1st period - Snap shot by Matt Nieto.
7:18 of 1st period - Stopped by Unknown Goalie without a rebound.
7:19 of 1st period - Pierre-edouard Bellemare wins face-off versus Mark Jankowski in Havana Tropicals zone.
7:47 of 1st period - Icing by William Carrier.
7:48 of 1st period - Pavel Dorofeyev wins face-off versus Matt Nieto in Tucson Roadrunners zone.
8:00 of 1st period - Snap shot by Matt Nieto.
8:00 of 1st period - Shot Misses the Net.
8:02 of 1st period - Wrist shot by William Carrier.
8:02 of 1st period - Goal by William Carrier - Tucson Roadrunners : 1 - Havana Tropicals : 1.
8:03 of 1st period - Philipp Kurashev wins face-off versus Alex Belzile in neutral zone.
8:18 of 1st period - Snap shot by Emil Bemstrom.
8:18 of 1st period - Shot Misses the Net.
8:28 of 1st period - Timothy Liljegren is hit by William Carrier and loses puck.
8:47 of 1st period - Slapshot by Anthony Richard.
8:47 of 1st period - Deflect By Walker Duehr.
8:47 of 1st period - Stopped by Unknown Goalie with a rebound.
9:11 of 1st period - Wrist shot by Fabian Lysell.
9:11 of 1st period - Stopped by Unknown Goalie with a rebound.
9:26 of 1st period - Snap shot by Nicolas Petan.
9:26 of 1st period - Stopped by Unknown Goalie with a rebound.
9:46 of 1st period - Matt Nieto is hit by Teddy Blueger and loses puck.
9:52 of 1st period - Off-side.
9:53 of 1st period - Mark Jankowski wins face-off versus Pavel Dorofeyev in neutral zone.
10:42 of 1st period - Wrist shot by Emil Bemstrom.
10:42 of 1st period - Stopped by Elvis Merzlikins with a rebound.
10:44 of 1st period - Slapshot by Zach Whitecloud.
10:44 of 1st period - Deflect By Emil Bemstrom.
10:44 of 1st period - Stopped by Elvis Merzlikins with a rebound.
10:46 of 1st period - Slapshot by Emil Bemstrom.
10:46 of 1st period - Deflect By Teddy Blueger.
10:46 of 1st period - Shot Blocked by Nick Seeler.
10:46 of 1st period - Puck is out of play.
10:47 of 1st period - Mark Jankowski wins face-off versus Emil Bemstrom in Tucson Roadrunners zone.
10:47 of 1st period - Mark Jankowski is hit by Kevin Gravel.
11:12 of 1st period - Nick Seeler is hit by Samuel Blais and loses puck.
11:21 of 1st period - Wrist shot by Zach Aston-Reese.
11:21 of 1st period - Stopped by Elvis Merzlikins without a rebound.
11:22 of 1st period - Benjamin Jones wins face-off versus Philipp Kurashev in Tucson Roadrunners zone.
11:53 of 1st period - Wrist shot by Alexander Nylander.
11:53 of 1st period - Stopped by Elvis Merzlikins with a rebound.
11:55 of 1st period - Snap shot by Alexander Nylander.
11:55 of 1st period - Stopped by Elvis Merzlikins with a rebound.
11:57 of 1st period - Snap shot by Alexander Nylander.
11:57 of 1st period - Stopped by Elvis Merzlikins with a rebound.
11:59 of 1st period - Snap shot by Pavel Dorofeyev.
11:59 of 1st period - Stopped by Elvis Merzlikins with a rebound.
12:10 of 1st period - Icing by Pierre-edouard Bellemare.
12:11 of 1st period - Mark Jankowski wins face-off versus Pierre-edouard Bellemare in Havana Tropicals zone.
13:03 of 1st period - Timothy Liljegren is hit by Benjamin Jones and loses puck.
14:29 of 1st period - Walker Duehr is hit by Philipp Kurashev and loses puck.
14:50 of 1st period - Minor Penalty to Mark Jankowski for Hooking.
14:51 of 1st period - William Carrier wins face-off versus Zach Aston-Reese in Tucson Roadrunners zone.
15:01 of 1st period - Snap shot by Alex Belzile.
15:01 of 1st period - Deflect By Walker Duehr.
15:01 of 1st period - Shot Misses the Net.
15:01 of 1st period - Puck is out of play.
15:02 of 1st period - Pierre-edouard Bellemare wins face-off versus Walker Duehr in Havana Tropicals zone.
15:37 of 1st period - Wrist shot by Emil Bemstrom.
15:37 of 1st period - Shot Misses the Net.
16:50 of 1st period - Penalty to Mark Jankowski is over, Mark Jankowski is back on ice.
16:59 of 1st period - Wrist shot by Marian Studenic.
16:59 of 1st period - Shot Misses the Net.
17:05 of 1st period - Ronan Seeley is hit by Timothy Liljegren and loses puck.
17:46 of 1st period - Icing by Johnathan Kovacevic.
17:47 of 1st period - Scott Reedy wins face-off versus Pierre-edouard Bellemare in Tucson Roadrunners zone.
18:10 of 1st period - Backhand shot by Elmer Soderblom.
18:10 of 1st period - Stopped by Elvis Merzlikins with a rebound.
18:16 of 1st period - Snap shot by Elmer Soderblom.
18:16 of 1st period - Deflect By Pavel Dorofeyev.
18:16 of 1st period - Stopped by Elvis Merzlikins without a rebound.
18:17 of 1st period - Philipp Kurashev wins face-off versus Mark Jankowski in Tucson Roadrunners zone.
18:26 of 1st period - Snap shot by Philipp Kurashev.
18:26 of 1st period - Stopped by Elvis Merzlikins with a rebound.
19:27 of 1st period - Backhand shot by Dennis Cholowski.
19:27 of 1st period - Stopped by Elvis Merzlikins with a rebound.
19:37 of 1st period - Wrist shot by Emil Bemstrom.
19:37 of 1st period - Shot Hit the Post.
19:45 of 1st period - Wrist shot by Philipp Kurashev.
19:45 of 1st period - Deflect By Teddy Blueger.
19:45 of 1st period - Stopped by Elvis Merzlikins without a rebound.
19:46 of 1st period - Pierre-edouard Bellemare wins face-off versus Mark Jankowski in Tucson Roadrunners zone.
19:49 of 1st period - Wrist shot by Pierre-edouard Bellemare.
19:49 of 1st period - Stopped by Elvis Merzlikins with a rebound.
19:51 of 1st period - Slapshot by Timothy Liljegren.
19:51 of 1st period - Stopped by Elvis Merzlikins without a rebound.
19:52 of 1st period - Pierre-edouard Bellemare wins face-off versus Mark Jankowski in Tucson Roadrunners zone.
19:55 of 1st period - Wrist shot by Pierre-edouard Bellemare.
19:55 of 1st period - Stopped by Elvis Merzlikins with a rebound.
19:57 of 1st period - Slapshot by Zach Whitecloud.
19:57 of 1st period - Shot Blocked by Robert Hagg.
19:59 of 1st period - Slapshot by Timothy Liljegren.
19:59 of 1st period - Deflect By Zach Aston-Reese.
19:59 of 1st period - Shot Misses the Net.
19:59 of 1st period - Puck is out of play.
Goals for this period are 1 for Tucson Roadrunners vs 1 for Havana Tropicals.
Shots for this period are 5 for Tucson Roadrunners vs 17 for Havana Tropicals.
2nd period
0:01 of 2nd period - Mark Jankowski wins face-off versus Pierre-edouard Bellemare in neutral zone.
0:08 of 2nd period - Backhand shot by Matt Nieto.
0:08 of 2nd period - Shot Blocked by Timothy Liljegren.
0:10 of 2nd period - Snap shot by Mark Jankowski.
0:10 of 2nd period - Shot Misses the Net.
0:12 of 2nd period - Slapshot by Robert Hagg.
0:12 of 2nd period - Stopped by Unknown Goalie with a rebound.
0:14 of 2nd period - Wrist shot by Matt Nieto.
0:14 of 2nd period - Shot Blocked by Timothy Liljegren.
0:16 of 2nd period - Wrist shot by William Carrier.
0:16 of 2nd period - Shot Misses the Net.
0:47 of 2nd period - Wrist shot by Walker Duehr.
0:47 of 2nd period - Shot Misses the Net.
0:49 of 2nd period - Slapshot by Nicolas Petan.
0:49 of 2nd period - Shot Misses the Net.
0:51 of 2nd period - Wrist shot by Logan Shaw.
0:51 of 2nd period - Shot Blocked by Matt Irwin.
0:53 of 2nd period - Slapshot by Robert Hagg.
0:53 of 2nd period - Shot Misses the Net.
1:31 of 2nd period - Icing by Fabian Lysell.
1:32 of 2nd period - Pierre-edouard Bellemare wins face-off versus Marian Studenic in Tucson Roadrunners zone.
1:39 of 2nd period - Timothy Liljegren is hit by Scott Reedy.
1:45 of 2nd period - Snap shot by Fabian Lysell.
1:45 of 2nd period - Stopped by Unknown Goalie with a rebound.
1:47 of 2nd period - Snap shot by Fabian Lysell.
1:47 of 2nd period - Stopped by Unknown Goalie without a rebound.
1:48 of 2nd period - Mark Jankowski wins face-off versus Philipp Kurashev in Havana Tropicals zone.
1:49 of 2nd period - Slapshot by Matt Nieto.
1:49 of 2nd period - Stopped by Unknown Goalie with a rebound.
2:13 of 2nd period - Ronan Seeley is hit by Pierre-edouard Bellemare and loses puck.
2:18 of 2nd period - Wrist shot by Samuel Blais.
2:18 of 2nd period - Stopped by Elvis Merzlikins with a rebound.
3:17 of 2nd period - Kevin Gravel is hit by William Carrier and loses puck.
3:36 of 2nd period - Elmer Soderblom is hit by Benjamin Jones and loses puck.
3:45 of 2nd period - Snap shot by Benjamin Jones.
3:45 of 2nd period - Shot Blocked by Matt Irwin.
4:20 of 2nd period - Snap shot by Chris Tierney.
4:20 of 2nd period - Stopped by Elvis Merzlikins with a rebound.
4:30 of 2nd period - Icing by Dennis Cholowski.
4:31 of 2nd period - Mark Jankowski wins face-off versus Chris Tierney in Havana Tropicals zone.
4:36 of 2nd period - Snap shot by Matt Nieto.
4:36 of 2nd period - Shot Misses the Net.
4:42 of 2nd period - Snap shot by William Carrier.
4:42 of 2nd period - Shot Misses the Net.
4:44 of 2nd period - Snap shot by William Carrier.
4:44 of 2nd period - Shot Blocked by Timothy Liljegren.
4:46 of 2nd period - Slapshot by Robert Hagg.
4:46 of 2nd period - Stopped by Unknown Goalie with a rebound.
5:18 of 2nd period - Robert Hagg is hit by Alexander Nylander and loses puck.
5:42 of 2nd period - Off-side.
5:43 of 2nd period - Mark Jankowski wins face-off versus Pierre-edouard Bellemare in neutral zone.
5:56 of 2nd period - Slapshot by Matt Nieto.
5:56 of 2nd period - Shot Blocked by Matt Irwin.
6:08 of 2nd period - Carson Soucy is hit by Elmer Soderblom and loses puck.
6:27 of 2nd period - Wrist shot by Emil Bemstrom.
6:27 of 2nd period - Shot Blocked by Ronan Seeley.
6:29 of 2nd period - Wrist shot by Emil Bemstrom.
6:29 of 2nd period - Stopped by Elvis Merzlikins with a rebound.
6:31 of 2nd period - Slapshot by Matt Irwin.
6:31 of 2nd period - Shot Blocked by Ronan Seeley.
6:37 of 2nd period - Wrist shot by Philipp Kurashev.
6:37 of 2nd period - Shot Misses the Net.
6:39 of 2nd period - Slapshot by Emil Bemstrom.
6:39 of 2nd period - Shot Misses the Net.
6:55 of 2nd period - Snap shot by Marian Studenic.
6:55 of 2nd period - Shot Misses the Net.
6:57 of 2nd period - Wrist shot by Scott Reedy.
6:57 of 2nd period - Tucson Roadrunners goal is going for a video replay.
6:57 of 2nd period - The goal is refused. The attacking player has interfered with a goalkeeper in his goal crease..
6:58 of 2nd period - Mark Jankowski wins face-off versus Philipp Kurashev in Havana Tropicals zone.
7:20 of 2nd period - Icing by Mark Jankowski.
7:21 of 2nd period - Pierre-edouard Bellemare wins face-off versus Alex Belzile in Tucson Roadrunners zone.
7:38 of 2nd period - Logan Shaw is hit by Pierre-edouard Bellemare and loses puck.
7:53 of 2nd period - Slapshot by Matt Nieto.
7:53 of 2nd period - Stopped by Unknown Goalie with a rebound.
8:31 of 2nd period - Wrist shot by Marian Studenic.
8:31 of 2nd period - Deflect By Fabian Lysell.
8:31 of 2nd period - Shot Misses the Net.
8:31 of 2nd period - Puck is out of play.
8:32 of 2nd period - Scott Reedy wins face-off versus Nolan Foote in Havana Tropicals zone.
8:39 of 2nd period - Snap shot by Marian Studenic.
8:39 of 2nd period - Goal by Marian Studenic - Tucson Roadrunners : 2 - Havana Tropicals : 1.
8:40 of 2nd period - Philipp Kurashev wins face-off versus Mark Jankowski in neutral zone.
8:53 of 2nd period - Snap shot by William Carrier.
8:53 of 2nd period - Stopped by Unknown Goalie with a rebound.
9:12 of 2nd period - Slapshot by Logan Shaw.
9:12 of 2nd period - Goal by Logan Shaw - Tucson Roadrunners : 3 - Havana Tropicals : 1.
9:13 of 2nd period - Philipp Kurashev wins face-off versus Mark Jankowski in neutral zone.
9:22 of 2nd period - Wrist shot by Emil Bemstrom.
9:22 of 2nd period - Stopped by Elvis Merzlikins with a rebound.
9:24 of 2nd period - Slapshot by Timothy Liljegren.
9:24 of 2nd period - Shot Misses the Net.
9:26 of 2nd period - Slapshot by Zach Whitecloud.
9:26 of 2nd period - Stopped by Elvis Merzlikins with a rebound.
9:28 of 2nd period - Snap shot by Emil Bemstrom.
9:28 of 2nd period - Shot Misses the Net.
9:56 of 2nd period - Off-side.
9:57 of 2nd period - Alex Belzile wins face-off versus Pavel Dorofeyev in neutral zone.
11:41 of 2nd period - Off-side.
11:42 of 2nd period - Mark Jankowski wins face-off versus Philipp Kurashev in neutral zone.
11:53 of 2nd period - Snap shot by Philipp Kurashev.
11:53 of 2nd period - Shot Blocked by Robert Hagg.
11:55 of 2nd period - Snap shot by Emil Bemstrom.
11:55 of 2nd period - Shot Misses the Net.
11:57 of 2nd period - Slapshot by Darren Raddysh.
11:57 of 2nd period - Shot Blocked by Robert Hagg.
12:07 of 2nd period - Nick Seeler is hit by Pierre-edouard Bellemare and loses puck.
12:24 of 2nd period - Slapshot by Mark Jankowski.
12:24 of 2nd period - Stopped by Unknown Goalie with a rebound.
12:26 of 2nd period - Slapshot by Carson Soucy.
12:26 of 2nd period - Deflect By Pierre-edouard Bellemare.
12:26 of 2nd period - Stopped by Unknown Goalie with a rebound.
12:28 of 2nd period - Slapshot by Johnathan Kovacevic.
12:28 of 2nd period - Shot Misses the Net.
12:30 of 2nd period - Snap shot by Matt Nieto.
12:30 of 2nd period - Shot Misses the Net.
12:32 of 2nd period - Slapshot by Robert Hagg.
12:32 of 2nd period - Shot Misses the Net.
12:42 of 2nd period - Slapshot by Matt Nieto.
12:42 of 2nd period - Stopped by Unknown Goalie with a rebound.
12:44 of 2nd period - Snap shot by Mark Jankowski.
12:44 of 2nd period - Stopped by Unknown Goalie with a rebound.
12:46 of 2nd period - Wrist shot by Ronan Seeley.
12:46 of 2nd period - Shot Misses the Net.
12:48 of 2nd period - Wrist shot by Matt Nieto.
12:48 of 2nd period - Deflect By William Carrier.
12:48 of 2nd period - Shot Misses the Net.
12:48 of 2nd period - Puck is out of play.
12:49 of 2nd period - Alex Belzile wins face-off versus Chris Tierney in Havana Tropicals zone.
12:56 of 2nd period - Wrist shot by Alex Belzile.
12:56 of 2nd period - Goal by Alex Belzile - Tucson Roadrunners : 4 - Havana Tropicals : 1.
12:57 of 2nd period - Philipp Kurashev wins face-off versus Alex Belzile in neutral zone.
12:57 of 2nd period - Zach Whitecloud is hit by Logan Shaw and loses puck.
13:24 of 2nd period - Anthony Richard is hit by Zach Whitecloud and loses puck.
13:52 of 2nd period - Slapshot by William Carrier.
13:52 of 2nd period - Shot Misses the Net.
14:23 of 2nd period - Icing by Marian Studenic.
14:24 of 2nd period - Scott Reedy wins face-off versus Philipp Kurashev in Tucson Roadrunners zone.
14:33 of 2nd period - Wrist shot by Fabian Lysell.
14:33 of 2nd period - Shot Misses the Net.
14:35 of 2nd period - Wrist shot by Scott Reedy.
14:35 of 2nd period - Shot Misses the Net.
14:37 of 2nd period - Wrist shot by Marian Studenic.
14:37 of 2nd period - Shot Misses the Net.
14:39 of 2nd period - Wrist shot by Marian Studenic.
14:39 of 2nd period - Shot Misses the Net.
14:41 of 2nd period - Slapshot by Robert Hagg.
14:41 of 2nd period - Stopped by Unknown Goalie with a rebound.
14:51 of 2nd period - Wrist shot by Fabian Lysell.
14:51 of 2nd period - Goal by Fabian Lysell - Tucson Roadrunners : 5 - Havana Tropicals : 1.
14:52 of 2nd period - Alex Belzile wins face-off versus Pierre-edouard Bellemare in neutral zone.
15:39 of 2nd period - Slapshot by Anthony Richard.
15:39 of 2nd period - Shot Misses the Net.
15:46 of 2nd period - Off-side.
15:47 of 2nd period - Pierre-edouard Bellemare wins face-off versus Logan Shaw in neutral zone.
16:29 of 2nd period - Snap shot by Elmer Soderblom.
16:29 of 2nd period - Shot Misses the Net.
16:57 of 2nd period - Snap shot by Philipp Kurashev.
16:57 of 2nd period - Stopped by Elvis Merzlikins with a rebound.
16:59 of 2nd period - Wrist shot by Chris Tierney.
16:59 of 2nd period - Shot Misses the Net.
17:01 of 2nd period - Wrist shot by Nolan Foote.
17:01 of 2nd period - Stopped by Elvis Merzlikins without a rebound.
17:02 of 2nd period - Alex Belzile wins face-off versus Pierre-edouard Bellemare in Tucson Roadrunners zone.
17:18 of 2nd period - Slapshot by Pierre-edouard Bellemare.
17:18 of 2nd period - Stopped by Elvis Merzlikins with a rebound.
18:15 of 2nd period - Scott Reedy is hit by Dennis Cholowski and loses puck.
18:57 of 2nd period - Slapshot by William Carrier.
18:57 of 2nd period - Stopped by Unknown Goalie with a rebound.
19:15 of 2nd period - Snap shot by Philipp Kurashev.
19:15 of 2nd period - Shot Misses the Net.
19:27 of 2nd period - Snap shot by Marian Studenic.
19:27 of 2nd period - Stopped by Unknown Goalie with a rebound.
19:29 of 2nd period - Snap shot by Marian Studenic.
19:29 of 2nd period - Stopped by Unknown Goalie with a rebound.
19:31 of 2nd period - Snap shot by Fabian Lysell.
19:31 of 2nd period - Shot Misses the Net.
19:34 of 2nd period - Pierre-edouard Bellemare beats up Marian Studenic.
19:34 of 2nd period - Penalty to Pierre-edouard Bellemare for Fighting.
19:34 of 2nd period - Penalty to Marian Studenic for Fighting.
19:34 of 2nd period - Penalty to Marian Studenic for instigated a fight.
19:34 of 2nd period - Penalty to Marian Studenic for instigated a fight.
19:35 of 2nd period - Philipp Kurashev wins face-off versus William Carrier in Havana Tropicals zone.
19:40 of 2nd period - Johnathan Kovacevic is hit by Philipp Kurashev and loses puck.
19:58 of 2nd period - Icing by Teddy Blueger.
19:59 of 2nd period - Philipp Kurashev wins face-off versus William Carrier in Havana Tropicals zone.
Goals for this period are 4 for Tucson Roadrunners vs 0 for Havana Tropicals.
Shots for this period are 20 for Tucson Roadrunners vs 8 for Havana Tropicals.
3rd period
0:01 of 3rd period - Nick Abruzzese wins face-off versus William Carrier in neutral zone.
0:04 of 3rd period - Slapshot by Zach Aston-Reese.
0:04 of 3rd period - Stopped by Elvis Merzlikins with a rebound.
0:06 of 3rd period - Backhand shot by Zach Whitecloud.
0:06 of 3rd period - Shot Misses the Net.
0:14 of 3rd period - Snap shot by Zach Aston-Reese.
0:14 of 3rd period - Shot Blocked by Johnathan Kovacevic.
0:33 of 3rd period - Snap shot by Emil Bemstrom.
0:33 of 3rd period - Shot Misses the Net.
0:35 of 3rd period - Slapshot by Matt Irwin.
0:35 of 3rd period - Stopped by Elvis Merzlikins without a rebound.
0:36 of 3rd period - Mark Jankowski wins face-off versus Nick Abruzzese in Tucson Roadrunners zone.
1:05 of 3rd period - Snap shot by Teddy Blueger.
1:05 of 3rd period - Shot Blocked by Nick Seeler.
1:07 of 3rd period - Slapshot by Matt Irwin.
1:07 of 3rd period - Shot Hit the Post.
1:09 of 3rd period - Slapshot by Matt Irwin.
1:09 of 3rd period - Deflect By Emil Bemstrom.
1:09 of 3rd period - Goal by Emil Bemstrom - Tucson Roadrunners : 5 - Havana Tropicals : 2.
1:10 of 3rd period - Philipp Kurashev wins face-off versus William Carrier in neutral zone.
1:43 of 3rd period - Wrist shot by Zach Aston-Reese.
1:43 of 3rd period - Stopped by Elvis Merzlikins with a rebound.
2:04 of 3rd period - Snap shot by Benjamin Jones.
2:04 of 3rd period - Stopped by Unknown Goalie with a rebound.
2:06 of 3rd period - Wrist shot by Benjamin Jones.
2:06 of 3rd period - Shot Blocked by Matt Irwin.
2:12 of 3rd period - Wrist shot by Walker Duehr.
2:12 of 3rd period - Shot Misses the Net.
2:35 of 3rd period - Minor Penalty to Nolan Foote for Tripping.
2:36 of 3rd period - Alex Belzile wins face-off versus Philipp Kurashev in Havana Tropicals zone.
2:45 of 3rd period - Snap shot by Nicolas Petan.
2:45 of 3rd period - Goal by Nicolas Petan - Tucson Roadrunners : 6 - Havana Tropicals : 2.
2:46 of 3rd period - Mark Jankowski wins face-off versus Philipp Kurashev in neutral zone.
2:51 of 3rd period - Wrist shot by Matt Nieto.
2:51 of 3rd period - Shot Misses the Net.
3:02 of 3rd period - Minor Penalty to Carson Soucy for Tripping.
3:03 of 3rd period - Philipp Kurashev wins face-off versus William Carrier in Tucson Roadrunners zone.
3:15 of 3rd period - Wrist shot by Emil Bemstrom.
3:15 of 3rd period - Goal by Emil Bemstrom - Tucson Roadrunners : 6 - Havana Tropicals : 3.
3:16 of 3rd period - Alex Belzile wins face-off versus Philipp Kurashev in neutral zone.
3:16 of 3rd period - Alex Belzile is hit by Philipp Kurashev.
3:50 of 3rd period - Off-side.
3:51 of 3rd period - Benjamin Jones wins face-off versus Pavel Dorofeyev in neutral zone.
4:00 of 3rd period - Backhand shot by Elmer Soderblom.
4:00 of 3rd period - Shot Blocked by Robert Hagg.
4:18 of 3rd period - Nicolas Petan is hit by Matt Irwin and loses puck.
4:28 of 3rd period - Off-side.
4:29 of 3rd period - Nick Abruzzese wins face-off versus Mark Jankowski in neutral zone.
4:40 of 3rd period - Wrist shot by Matt Nieto.
4:40 of 3rd period - Shot Misses the Net.
4:54 of 3rd period - Zach Aston-Reese is hit by Anthony Richard and loses puck.
4:59 of 3rd period - Snap shot by Anthony Richard.
4:59 of 3rd period - Stopped by Unknown Goalie with a rebound.
5:01 of 3rd period - Slapshot by Anthony Richard.
5:01 of 3rd period - Stopped by Unknown Goalie with a rebound.
5:03 of 3rd period - Snap shot by Benjamin Jones.
5:03 of 3rd period - Deflect By Dennis Cholowski.
5:03 of 3rd period - Stopped by Unknown Goalie with a rebound.
5:05 of 3rd period - Wrist shot by Samuel Knazko.
5:05 of 3rd period - Stopped by Unknown Goalie with a rebound.
5:07 of 3rd period - Slapshot by Ronan Seeley.
5:07 of 3rd period - Shot Hit the Post.
5:25 of 3rd period - Snap shot by Philipp Kurashev.
5:25 of 3rd period - Shot Misses the Net.
5:27 of 3rd period - Wrist shot by Philipp Kurashev.
5:27 of 3rd period - Stopped by Elvis Merzlikins without a rebound.
5:28 of 3rd period - Mark Jankowski wins face-off versus Pavel Dorofeyev in Tucson Roadrunners zone.
5:43 of 3rd period - Wrist shot by Mark Jankowski.
5:43 of 3rd period - Goal by Mark Jankowski - Tucson Roadrunners : 7 - Havana Tropicals : 3.
5:44 of 3rd period - Teddy Blueger wins face-off versus Mark Jankowski in neutral zone.
5:57 of 3rd period - Wrist shot by Matt Nieto.
5:57 of 3rd period - Stopped by Unknown Goalie with a rebound.
6:11 of 3rd period - Nicolas Petan is hit by Zach Whitecloud and loses puck.
7:57 of 3rd period - Snap shot by Matt Nieto.
7:57 of 3rd period - Shot Misses the Net.
7:59 of 3rd period - Wrist shot by Robert Hagg.
7:59 of 3rd period - Deflect By Matt Nieto.
7:59 of 3rd period - Shot Misses the Net.
7:59 of 3rd period - Puck is out of play.
8:00 of 3rd period - Scott Reedy wins face-off versus Chris Tierney in Havana Tropicals zone.
8:01 of 3rd period - Snap shot by Fabian Lysell.
8:01 of 3rd period - Shot Misses the Net.
8:25 of 3rd period - Snap shot by Pavel Dorofeyev.
8:25 of 3rd period - Deflect By Nick Seeler.
8:25 of 3rd period - Stopped by Elvis Merzlikins with a rebound.
8:31 of 3rd period - Slapshot by Pavel Dorofeyev.
8:31 of 3rd period - Shot Blocked by Fabian Lysell.
8:54 of 3rd period - Samuel Blais is hit by Nicolas Petan and loses puck.
9:28 of 3rd period - Walker Duehr is hit by Dennis Cholowski and loses puck.
9:43 of 3rd period - Snap shot by Benjamin Jones.
9:43 of 3rd period - Shot Misses the Net.
10:21 of 3rd period - Wrist shot by Nicolas Petan.
10:21 of 3rd period - Stopped by Unknown Goalie with a rebound.
10:23 of 3rd period - Snap shot by Logan Shaw.
10:23 of 3rd period - Shot Hit the Post.
10:33 of 3rd period - Fabian Lysell is hit by Nolan Foote and loses puck.
13:05 of 3rd period - Mark Jankowski is hit by Philipp Kurashev and loses puck.
13:30 of 3rd period - Logan Shaw is hit by Nick Abruzzese and loses puck.
13:51 of 3rd period - Fabian Lysell is hit by Timothy Liljegren and loses puck.
14:34 of 3rd period - 10 Minutes Misconduct Penalty to Marian Studenic is over.
14:54 of 3rd period - Ronan Seeley is hit by Nolan Foote and loses puck.
15:09 of 3rd period - Samuel Blais is hit by Marian Studenic and loses puck.
15:18 of 3rd period - Minor Penalty to Nick Seeler for Hooking.
15:19 of 3rd period - Pierre-edouard Bellemare wins face-off versus William Carrier in Tucson Roadrunners zone.
15:20 of 3rd period - Snap shot by Samuel Blais.
15:20 of 3rd period - Shot Blocked by Carson Soucy.
15:22 of 3rd period - Slapshot by Kevin Gravel.
15:22 of 3rd period - Deflect By Zach Aston-Reese.
15:22 of 3rd period - Stopped by Elvis Merzlikins without a rebound.
15:23 of 3rd period - Pierre-edouard Bellemare wins face-off versus William Carrier in Tucson Roadrunners zone.
15:24 of 3rd period - Snap shot by Samuel Blais.
15:24 of 3rd period - Goal by Samuel Blais - Tucson Roadrunners : 7 - Havana Tropicals : 4.
15:25 of 3rd period - Philipp Kurashev wins face-off versus Mark Jankowski in neutral zone.
15:28 of 3rd period - Slapshot by Timothy Liljegren.
15:28 of 3rd period - Stopped by Elvis Merzlikins with a rebound.
15:30 of 3rd period - Slapshot by Teddy Blueger.
15:30 of 3rd period - Stopped by Elvis Merzlikins with a rebound.
15:50 of 3rd period - Nicolas Petan is hit by Zach Aston-Reese and loses puck.
15:55 of 3rd period - Slapshot by Samuel Blais.
15:55 of 3rd period - Stopped by Elvis Merzlikins without a rebound.
15:56 of 3rd period - Pierre-edouard Bellemare wins face-off versus Alex Belzile in Tucson Roadrunners zone.
15:57 of 3rd period - Slapshot by Samuel Blais.
15:57 of 3rd period - Shot Blocked by Nick Seeler.
16:45 of 3rd period - Snap shot by Alexander Nylander.
16:45 of 3rd period - Shot Misses the Net.
17:23 of 3rd period - Snap shot by Walker Duehr.
17:23 of 3rd period - Shot Misses the Net.
17:48 of 3rd period - Slapshot by Matt Nieto.
17:48 of 3rd period - Stopped by Unknown Goalie with a rebound.
17:50 of 3rd period - Snap shot by Matt Nieto.
17:50 of 3rd period - Deflect By William Carrier.
17:50 of 3rd period - Shot Misses the Net.
17:50 of 3rd period - Puck is out of play.
17:51 of 3rd period - William Carrier wins face-off versus Emil Bemstrom in Havana Tropicals zone.
19:35 of 3rd period - Slapshot by Chris Tierney.
19:35 of 3rd period - Shot Blocked by Ronan Seeley.
19:37 of 3rd period - Snap shot by Chris Tierney.
19:37 of 3rd period - Shot Misses the Net.
19:39 of 3rd period - Snap shot by Chris Tierney.
19:39 of 3rd period - Shot Blocked by Samuel Knazko.
19:57 of 3rd period - Slapshot by Chris Tierney.
19:57 of 3rd period - Goal by Chris Tierney - Tucson Roadrunners : 7 - Havana Tropicals : 5.
19:58 of 3rd period - Emil Bemstrom wins face-off versus Anthony Richard in neutral zone.
Goals for this period are 2 for Tucson Roadrunners vs 4 for Havana Tropicals.
Shots for this period are 10 for Tucson Roadrunners vs 13 for Havana Tropicals.
Back to the Top